APP
TEXAS (APP) RANGERS @ OAKLAND (APP) ATHLETICS
08/28/2047
 
TOP OF THE 1ST
Texas (APP) Rangers batting - Pitching for Oakland (APP) Athletics : LHP Cory Yeary
Pitching: LHP Cory Yeary
Batting: SHB Tim Rogers 0-0: Ball
1-0: Ball
2-0: Ball
3-0: Called Strike
3-1: SINGLE (Groundball, 56S, EV 63.1 MPH) (infield hit)
Batting: RHB Nick Solberg 0-0: Ball
1-0: Fly out, F8 (Line Drive, 89D, EV 85.6 MPH)
Batting: RHB Aaron Moore 0-0: Called Strike
0-1: Ball
1-1: Foul Ball, location: 2F
1-2: Fielders Choice at 2nd, 5-4 (Groundball, 56, EV 100.0 MPH)
Batting: RHB Jerry Foster 0-0: Ball
1-0: Ball
2-0: Foul Ball, location: 2F
2-1: Foul Ball, location: 2F
2-2: Strikes out swinging
Top of the 1st over - 0 runs, 1 hit, 0 errors, 1 left on base; Texas (APP) 0 - Oakland (APP) 0
BOTTOM OF THE 1ST
Oakland (APP) Athletics batting - Pitching for Texas (APP) Rangers : LHP Jose Cepero
Pitching: LHP Jose Cepero
Batting: RHB Mike Gangi 0-0: Called Strike
0-1: SINGLE (Groundball, 4M, EV 80.0 MPH) (infield hit)
Batting: RHB Chris Bohm 0-0: Called Strike
0-1: Ball
1-1: Ball
Mike Gangi steals 2nd base
2-1: Ground out 6-3 (Groundball, 56, EV 86.9 MPH)
Batting: LHB Marcus Pollard 0-0: Ball
1-0: Called Strike
1-1: Foul Ball, location: 2F
1-2: Strikes out swinging
Batting: RHB David Sharp 0-0: Called Strike
0-1: Ball
1-1: Ball
2-1: Called Strike
2-2: Ground out 5-3 (Groundball, 56S, EV 68.8 MPH)
Bottom of the 1st over - 0 runs, 1 hit, 0 errors, 1 left on base; Texas (APP) 0 - Oakland (APP) 0
TOP OF THE 2ND
Texas (APP) Rangers batting - Pitching for Oakland (APP) Athletics : LHP Cory Yeary
Batting: RHB Luis Reyna 0-0: Ball
1-0: Ball
2-0: Foul Ball, location: 2F
2-1: Swinging Strike
2-2: Foul Ball, location: 2F
2-2: Ball
3-2: Ground out 4-3 (Groundball, 13, EV 85.6 MPH)
Batting: RHB Luis Solorzano 0-0: Swinging Strike
0-1: Ground out 6-3 (Groundball, 6, EV 89.4 MPH)
Batting: RHB Ron Squires 0-0: Foul Ball, location: 2F
0-1: DOUBLE (Line Drive, 9LS, EV 100.6 MPH)
Batting: LHB Jose Cepero 0-0: Foul Ball, location: 2F
0-1: Ball
1-1: Ball
2-1: Foul Ball, location: 2F
2-2: Strikes out swinging
Top of the 2nd over - 0 runs, 1 hit, 0 errors, 1 left on base; Texas (APP) 0 - Oakland (APP) 0
BOTTOM OF THE 2ND
Oakland (APP) Athletics batting - Pitching for Texas (APP) Rangers : LHP Jose Cepero
Batting: RHB Tetsuya Shinoda 0-0: Called Strike
0-1: Ball
1-1: Swinging Strike
1-2: Ball
2-2: Foul Ball, location: 2F
2-2: Hit by Pitch
Batting: RHB Emiel Schlepers 0-0: Ball
1-0: Swinging Strike
1-1: Foul Ball, location: 2F
1-2: Foul Ball, location: 2F
1-2: Ball
2-2: Strikes out swinging
Batting: SHB Steve Salafia 0-0: Ball
1-0: Foul Ball, location: 2F
1-1: Swinging Strike
1-2: Ball
2-2: Strikes out swinging
Batting: RHB Gabe Gutierrez 0-0: Ball
Passed Ball!
Tetsuya Shinoda to second
1-0: DOUBLE (Groundball, 5L, EV 110.6 MPH)
Tetsuya Shinoda scores
Batting: RHB Scott Lister 0-0: Ball
1-0: Called Strike
1-1: Swinging Strike
1-2: Strikes out swinging
Bottom of the 2nd over - 1 run, 1 hit, 0 errors, 1 left on base; Texas (APP) 0 - Oakland (APP) 1
TOP OF THE 3RD
Texas (APP) Rangers batting - Pitching for Oakland (APP) Athletics : LHP Cory Yeary
Batting: SHB Albert Ortiz 0-0: Foul Ball, location: 2F
0-1: Ball
1-1: Ball
2-1: Ball
3-1: Ground out 1-3 (Groundball, 34S, EV 62.5 MPH)
Batting: SHB Tim Rogers 0-0: Ball
1-0: Foul Ball, location: 2F
1-1: Called Strike
1-2: Strikes out looking
Batting: RHB Nick Solberg 0-0: Ball
1-0: Called Strike
1-1: Swinging Strike
1-2: Foul Ball, location: 2F
1-2: Ball
2-2: Foul Ball, location: 2F
2-2: Foul Ball, location: 2F
2-2: Ground out U3 (Groundball, 3, EV 88.1 MPH)
Top of the 3rd over - 0 runs, 0 hits, 0 errors, 0 left on base; Texas (APP) 0 - Oakland (APP) 1
BOTTOM OF THE 3RD
Oakland (APP) Athletics batting - Pitching for Texas (APP) Rangers : LHP Jose Cepero
Batting: RHB Mike Gangi 0-0: Called Strike
0-1: Called Strike
0-2: Ball
1-2: Ball
2-2: Foul Ball, location: 2F
2-2: Fly out, F1 (Line Drive, P, EV 66.2 MPH)
Batting: RHB Chris Bohm 0-0: Swinging Strike
0-1: Ball
1-1: Ball
2-1: Foul Ball, location: 2F
2-2: Foul Ball, location: 2F
2-2: Foul Ball, location: 2F
2-2: SINGLE (Line Drive, 34D, EV 95.6 MPH)
Batting: LHB Marcus Pollard 0-0: Swinging Strike
Chris Bohm steals 2nd base
0-1: Ball
1-1: SINGLE (Line Drive, 8RS, EV 98.8 MPH)
Chris Bohm to third
Runner from 3rd tries for Home, throw by CF and OUT! 8-2
Marcus Pollard to second
Batting: RHB David Sharp 0-0: Ball
1-0: Ball
2-0: Ball
3-0: Base on Balls
Batting: RHB Tetsuya Shinoda 0-0: DOUBLE (Line Drive, 9LM, EV 100.6 MPH)
Marcus Pollard scores
David Sharp to third
Runner from 3rd tries for Home, SAFE, throw by RF to trailing runner, SAFE at third!
Batting: RHB Emiel Schlepers 0-0: Ball
1-0: Ball
2-0: Ball
3-0: Base on Balls
Batting: SHB Steve Salafia 0-0: Ball
1-0: Foul Ball, location: 2F
1-1: Ball
2-1: Foul Ball, location: 2F
2-2: Strikes out swinging
Bottom of the 3rd over - 2 runs, 3 hits, 0 errors, 2 left on base; Texas (APP) 0 - Oakland (APP) 3
TOP OF THE 4TH
Texas (APP) Rangers batting - Pitching for Oakland (APP) Athletics : LHP Cory Yeary
Batting: RHB Aaron Moore 0-0: Ball
1-0: Called Strike
1-1: Ball
2-1: Foul Ball, location: 2F
2-2: Strikes out swinging
Batting: RHB Jerry Foster 0-0: Ground out 6-3 (Groundball, 6, EV 81.2 MPH)
Batting: RHB Luis Reyna 0-0: Called Strike
0-1: SINGLE (Flyball, 78S, EV 90.6 MPH)
Batting: RHB Luis Solorzano 0-0: Foul Ball, location: 2F
0-1: Swinging Strike
0-2: Ball
Luis Reyna is caught stealing 2nd base 2-4
Top of the 4th over - 0 runs, 1 hit, 0 errors, 0 left on base; Texas (APP) 0 - Oakland (APP) 3
BOTTOM OF THE 4TH
Oakland (APP) Athletics batting - Pitching for Texas (APP) Rangers : LHP Jose Cepero
Batting: RHB Gabe Gutierrez 0-0: Foul Ball, location: 2F
0-1: Called Strike
0-2: Ground out U3 (Groundball, 3S, EV 74.4 MPH)
Batting: RHB Scott Lister 0-0: Ball
1-0: Ball
2-0: Ball
3-0: Called Strike
3-1: Foul Ball, location: 2F
3-2: Base on Balls
Batting: RHB Mike Gangi 0-0: Ball
Scott Lister steals 2nd base
1-0: Ball
2-0: Ball
3-0: Called Strike
3-1: Foul Ball, location: 2F
3-2: Foul Ball, location: 2F
3-2: Strikes out looking
Batting: RHB Chris Bohm 0-0: Ball
1-0: Called Strike
1-1: Foul Ball, location: 2F
1-2: Strikes out swinging
Bottom of the 4th over - 0 runs, 0 hits, 0 errors, 1 left on base; Texas (APP) 0 - Oakland (APP) 3
TOP OF THE 5TH
Texas (APP) Rangers batting - Pitching for Oakland (APP) Athletics : LHP Cory Yeary
Batting: RHB Luis Solorzano 0-0: Ball
1-0: Called Strike
1-1: Ball
2-1: Called Strike
2-2: Strikes out swinging
Batting: RHB Ron Squires 0-0: Ball
1-0: Called Strike
1-1: Ball
2-1: Ball
3-1: Fly out, F8 (Flyball, 89M, EV 83.8 MPH)
Batting: LHB Jose Cepero 0-0: SINGLE (Line Drive, 78S, EV 87.5 MPH)
Batting: SHB Albert Ortiz 0-0: Foul Ball, location: 2F
0-1: Swinging Strike
0-2: Ball
1-2: Ball
2-2: Strikes out swinging
Top of the 5th over - 0 runs, 1 hit, 0 errors, 1 left on base; Texas (APP) 0 - Oakland (APP) 3
BOTTOM OF THE 5TH
Oakland (APP) Athletics batting - Pitching for Texas (APP) Rangers : LHP Jose Cepero
Batting: LHB Marcus Pollard 0-0: Called Strike
0-1: Ball
1-1: Ball
2-1: Ground out U3 (Groundball, 3, EV 78.8 MPH)
Batting: RHB David Sharp 0-0: SOLO HOME RUN (Flyball, 9D, EV 96.2 MPH), Distance : 351 ft
Batting: RHB Tetsuya Shinoda 0-0: Called Strike
0-1: Ball
1-1: Foul Ball, location: 2F
1-2: Ball
2-2: Ball
3-2: Foul Ball, location: 2F
3-2: Reached on error, E5 (Groundball, 56S, EV 85.0 MPH)
Pitching: RHP Tamirat Abboud
Batting: RHB Emiel Schlepers 0-0: Ball
Wild Pitch!
Tetsuya Shinoda to second
1-0: Swinging Strike
1-1: Foul Ball, location: 2F
1-2: Strikes out looking
Batting: SHB Steve Salafia 0-0: SINGLE (Groundball, 34D, EV 96.2 MPH)
Tetsuya Shinoda to third
Runner from 3rd tries for Home, SAFE, throw by RF to home
Batting: RHB Gabe Gutierrez 0-0: Ball
1-0: Ball
Steve Salafia is caught stealing 2nd base 2-4
Bottom of the 5th over - 2 runs, 2 hits, 1 error, 0 left on base; Texas (APP) 0 - Oakland (APP) 5
TOP OF THE 6TH
Texas (APP) Rangers batting - Pitching for Oakland (APP) Athletics : LHP Cory Yeary
Batting: SHB Tim Rogers 0-0: Ball
1-0: Swinging Strike
1-1: Foul Ball, location: 2F
1-2: Strikes out swinging
Pitching: RHP Albie Cisneros
Batting: RHB Nick Solberg 0-0: Fly out, F3 (Line Drive, 3, EV 68.8 MPH)
Batting: RHB Aaron Moore 0-0: Called Strike
0-1: Foul Ball, location: 2F
0-2: Fly out, F7 (Flyball, 7S, EV 83.1 MPH)
Top of the 6th over - 0 runs, 0 hits, 0 errors, 0 left on base; Texas (APP) 0 - Oakland (APP) 5
BOTTOM OF THE 6TH
Oakland (APP) Athletics batting - Pitching for Texas (APP) Rangers : RHP Tamirat Abboud
Batting: RHB Gabe Gutierrez 0-0: Foul Ball, location: 2F
0-1: Ball
1-1: Foul Ball, location: 2F
1-2: Foul Ball, location: 2F
1-2: Fly out, F8 (Flyball, 8LD, EV 106.2 MPH)
Batting: RHB Scott Lister 0-0: Swinging Strike
0-1: Ball
1-1: Foul Ball, location: 2F
1-2: Ball
2-2: Foul Ball, location: 2F
2-2: Fly out, F7 (Line Drive, 78D, EV 90.6 MPH)
Batting: RHB Mike Gangi 0-0: SINGLE (Groundball, 4MS, EV 66.2 MPH) (infield hit)
Batting: RHB Chris Bohm 0-0: Called Strike
Mike Gangi steals 2nd base
0-1: Foul Ball, location: 2F
0-2: Foul Ball, location: 2F
0-2: Foul Ball, location: 2F
0-2: Ball
1-2: Foul Ball, location: 2F
1-2: Ground out 6-3 (Groundball, 56D, EV 85.0 MPH)
Bottom of the 6th over - 0 runs, 1 hit, 0 errors, 1 left on base; Texas (APP) 0 - Oakland (APP) 5
TOP OF THE 7TH
Texas (APP) Rangers batting - Pitching for Oakland (APP) Athletics : RHP Albie Cisneros
Batting: RHB Jerry Foster 0-0: Called Strike
0-1: Ball
1-1: Foul Ball, location: 2F
1-2: Ball
2-2: Ball
3-2: Foul Ball, location: 2F
3-2: Foul Ball, location: 2F
3-2: Base on Balls
Batting: RHB Luis Reyna Pickoff Play to 1st, Runner tries for 2nd, OUT after rundown.
0-0: Hit by Pitch
Batting: RHB Luis Solorzano 0-0: Ball
Luis Reyna steals 2nd base
1-0: Ball
Luis Reyna steals 3rd base
2-0: Ground out 4-3 (Groundball, 4, EV 83.8 MPH)
Luis Reyna scores
Batting: RHB Ron Squires 0-0: Called Strike
0-1: Ball
1-1: Ground out U3 (Groundball, 34S, EV 66.2 MPH)
Top of the 7th over - 1 run, 0 hits, 0 errors, 0 left on base; Texas (APP) 1 - Oakland (APP) 5
BOTTOM OF THE 7TH
Oakland (APP) Athletics batting - Pitching for Texas (APP) Rangers : RHP Tamirat Abboud
Batting: LHB Marcus Pollard 0-0: Foul Ball, location: 2F
0-1: Swinging Strike
0-2: Ball
1-2: Ball
2-2: Ground out 5-3 (Groundball, 5, EV 84.4 MPH)
Batting: RHB David Sharp 0-0: Called Strike
0-1: Ball
1-1: Foul Ball, location: 2F
1-2: Ball
2-2: Strikes out swinging
Batting: RHB Tetsuya Shinoda 0-0: Called Strike
0-1: Ground out 4-3 (Groundball, 4, EV 88.8 MPH)
Bottom of the 7th over - 0 runs, 0 hits, 0 errors, 0 left on base; Texas (APP) 1 - Oakland (APP) 5
TOP OF THE 8TH
Texas (APP) Rangers batting - Pitching for Oakland (APP) Athletics : RHP Albie Cisneros
Batting: SHB Zack Barton 0-0: Fly out, F9 (Flyball, 89M, EV 86.2 MPH)
Batting: SHB Albert Ortiz 0-0: Ball
1-0: Ball
2-0: Called Strike
2-1: Foul Ball, location: 2F
2-2: Ball
3-2: Strikes out swinging
Batting: SHB Tim Rogers 0-0: Ball
1-0: Ball
2-0: SINGLE (Groundball, 25, EV 75.6 MPH) (infield hit)
Batting: RHB Nick Solberg 0-0: Ball
1-0: Ball
2-0: Ball
3-0: Called Strike
3-1: Called Strike
3-2: Foul Ball, location: 2F
3-2: SINGLE (Groundball, 56S, EV 75.6 MPH) (infield hit)
Tim Rogers to second
Pitching: LHP Logan Stewart
Batting: RHB Aaron Moore 0-0: Ball
1-0: Ball
2-0: Swinging Strike
2-1: Ball
3-1: SINGLE (Groundball, 56, EV 104.4 MPH) (infield hit)
Tim Rogers to third
Nick Solberg to second
Pitching: LHP Hector Perdomo
Batting: RHB Jerry Foster 0-0: SINGLE (Line Drive, 56D, EV 97.5 MPH)
Tim Rogers scores
Nick Solberg to third
Aaron Moore to second
Runner from 3rd tries for Home, throw by LF and OUT! 7-2
Top of the 8th over - 1 run, 4 hits, 0 errors, 2 left on base; Texas (APP) 2 - Oakland (APP) 5
BOTTOM OF THE 8TH
Oakland (APP) Athletics batting - Pitching for Texas (APP) Rangers : RHP Tamirat Abboud
Batting: RHB Emiel Schlepers 0-0: Ball
1-0: Ball
2-0: Reached via error on a dropped throw from SS, E3 (Groundball, 6S, EV 72.5 MPH)
Pitching: RHP Jose Vela
Batting: SHB Steve Salafia 0-0: Ball
1-0: Ball
Wild Pitch!
Emiel Schlepers to second
2-0: SINGLE (Groundball, 34D, EV 97.5 MPH)
Emiel Schlepers to third
Batting: RHB Gabe Gutierrez 0-0: Ball
1-0: Ball
2-0: Ball
3-0: Called Strike
3-1: Called Strike
3-2: Strikes out swinging
Batting: RHB Scott Lister 0-0: Called Strike
0-1: Foul Ball, location: 2F
0-2: Ball
1-2: Foul Ball, location: 2F
1-2: Ball
2-2: Fly out, F9 (Flyball, 89S, EV 81.2 MPH)
Batting: RHB Mike Gangi 0-0: Ball
1-0: Swinging Strike
1-1: Foul Ball, location: 2F
1-2: Foul Ball, location: 2F
1-2: Strikes out swinging
Bottom of the 8th over - 0 runs, 1 hit, 1 error, 2 left on base; Texas (APP) 2 - Oakland (APP) 5
TOP OF THE 9TH
Texas (APP) Rangers batting - Pitching for Oakland (APP) Athletics : LHP Hector Perdomo
Now at 1B: Jason Dove
Batting: RHB Luis Reyna 0-0: Ball
1-0: SINGLE (Groundball, 34S, EV 65.0 MPH) (infield hit)
Batting: RHB Luis Solorzano 0-0: Swinging Strike
0-1: Ball
1-1: Swinging Strike
1-2: Foul Ball, location: 2F
1-2: Foul Ball, location: 2F
1-2: Foul Ball, location: 2F
1-2: SINGLE (Line Drive, 6MD, EV 98.1 MPH)
Luis Reyna to second
Batting: RHB Ron Squires 0-0: Called Strike
0-1: Ball
1-1: 3-RUN HOME RUN (Flyball, 78XD, EV 99.4 MPH), Distance : 406 ft
Pitching: LHP Alex Shannon
Batting: SHB Zack Barton 0-0: Ball
1-0: Called Strike
1-1: Ground out U3 (Groundball, 34, EV 94.4 MPH)
Batting: SHB Albert Ortiz 0-0: Ball
1-0: Ball
2-0: SINGLE (Groundball, 15S, EV 71.9 MPH) (infield hit)
Batting: SHB Tim Rogers 0-0: Foul Ball, location: 2F
0-1: Called Strike
0-2: Strikes out looking
Batting: RHB Nick Solberg 0-0: Called Strike
0-1: Foul Ball, location: 2F
0-2: Ball
1-2: Ball
2-2: Fielders Choice at 2nd, 5-4 (Groundball, 5L, EV 105.6 MPH)
Top of the 9th over - 3 runs, 4 hits, 0 errors, 1 left on base; Texas (APP) 5 - Oakland (APP) 5
BOTTOM OF THE 9TH
Oakland (APP) Athletics batting - Pitching for Texas (APP) Rangers : RHP Jose Vela
Batting: RHB Chris Bohm 0-0: Ball
1-0: SOLO HOME RUN (Line Drive, 7D, EV 100.6 MPH), Distance : 399 ft
Bottom of the 9th over - 1 run, 1 hit, 0 errors, 0 left on base; Texas (APP) 5 - Oakland (APP) 6
Thursday, December 15th , 2022 - OOTP Baseball 23.9 Build 102